 Dungeon Crawl Stone Soup version 0.29.1-2-gbd0b4ee654 (webtiles) character file.

Game seed: 16021419708295246896

222 LustLizard the Shooter (level 5, -6/27 HPs)
             Began as a Spriggan Hunter on Oct 26, 2022.
             Killed by divine providence
             ... invoked by an orc priest
              (17 damage)
             ... on level 4 of the Dungeon.
             The game lasted 00:03:11 (3724 turns).

LustLizard the Shooter (Spriggan Hunter)            Turns: 3724, Time: 00:03:11

Health: -6/27      AC:  2    Str:  7    XL:     5   Next: 66%
Magic:  6/6        EV: 21    Int: 12    God:
Gold:   200        SH:  0    Dex: 19    Spells: 4/4 levels left

rFire   . . .      SeeInvis +   a - +0 shortbow
rCold   . . .      Faith    .   (shield currently unavailable)
rNeg    . . .      Spirit   .   c - +0 robe
rPois   .          Reflect  .   (helmet restricted)
rElec   .          Harm     .   (no cloak)
rCorr   .          Rampage  .   (gloves unavailable)
Will    .....                   (boots unavailable)
Stlth   +++.......              (no amulet)
HPRegen 0.09/turn               f - +4 ring of evasion
MPRegen 0.10/turn               (no ring)

@: very quick
A: very small, no large weapons, unfitting armour, see invisible, speed 3
a: no special abilities


You were on level 4 of the Dungeon.
You visited 1 branch of the dungeon, and saw 4 of its levels.

You collected 200 gold pieces.

Inventory:

Hand Weapons
 a - a +0 shortbow (weapon)
Armour
 c - a +0 robe (worn)
Jewellery
 f - a +4 ring of evasion (left hand)
Scrolls
 b - a scroll of immolation
 e - a scroll of teleportation
 i - a scroll of magic mapping {unknown}
 j - a scroll of fear {unknown}
 k - 3 scrolls of enchant weapon {unknown}
 l - a scroll of poison {unknown}
 n - a scroll of amnesia {unknown}
 o - a scroll of vulnerability {unknown}
 p - a scroll of identify {unknown}
Potions
 d - 2 potions of curing {unknown}
 g - 2 potions of heal wounds {unknown}
 h - a potion of attraction {unknown}
 m - a potion of ambrosia {unknown}


   Skills:
 + Level 2.7 Fighting
 * Level 5.7 Ranged Weapons
 - Level 2.6 Dodging
 + Level 4.6 Stealth


You had 4 spell levels left.
You didn't know any spells.
Your spell library contained the following spells:

 Spells                   Type           Power      Damage    Failure   Level
 Beastly Appendage        Tmut           0%         N/A       32%         1
 Freeze                   Ice            0%         1d3       32%         1
 Necrotise                Necr           0%         1d4       32%         1
 Sublimation of Blood     Necr           0%         N/A       45%         2
 Wereblood                Tmut           0%         N/A       45%         2
 Confusing Touch          Hex            0%         N/A       69%         3
 Frozen Ramparts          Ice            0%         1d1       69%         3
 Spider Form              Tmut/Pois      0%         N/A       69%         3
 Vampiric Draining        Necr           0%         2d6       69%         3
 Hailstorm                Conj/Ice       0%         3d3       97%         4
 Agony                    Necr           0%         N/A       100%        5
 Yara's Violent Unravell  Hex/Tmut       0%         3d3       100%        5
 Enfeeble                 Hex            0%         N/A       100%        7
 Summon Hydra             Summ           0%         N/A       100%        7


Dungeon Overview and Level Annotations

Branches:
Dungeon (4/15)
 Temple: D:4-7

Altars:
Qazlal
Sif Muna
Vehumet


Innate Abilities, Weirdness & Mutations

You are very small and have problems with some larger weapons.
You are too small for most types of armour.
You have supernaturally acute eyesight. (SInv)
You cover ground extremely quickly. (Speed+++)


Message History

The arrow hits the orc priest but does no damage.
The orc priest misses you.
You shoot an arrow. The arrow hits the orc priest.
The orc priest is lightly wounded.
The orc priest completely misses you.
You shoot an arrow.
The arrow closely misses the orc priest.
The orc priest looks satisfied for a moment.
You shoot an arrow. The arrow hits the orc priest.
The orc priest is moderately wounded.
The orc priest completely misses you.
You shoot an arrow. The arrow hits the orc priest.
The orc priest is heavily wounded.
The orc priest calls down the wrath of Beogh upon you.
Beogh smites you!
You shoot an arrow.
The arrow hits the orc priest but does no damage.
The orc priest is heavily wounded.
The orc priest barely misses you. The orc priest misses you.
You shoot an arrow.
The arrow completely misses the orc priest.
The orc priest hits you with a +0 mace!
You are too injured to fight recklessly!
You are too injured to fight recklessly!
Fire: a) +0 shortbow
Press: ? - help, Q - select action Shift-Dir - straight line, f/p - orc priest
Aim: an orc priest, wielding a +0 mace and wearing a +0 ring mail (heavily wounded, 68% to hit)
You shoot an arrow.
The arrow hits the orc priest but does no damage.
The orc priest is heavily wounded.
The orc priest hits you but does no damage.
Fire: a) +0 shortbow
Press: ? - help, Q - select action Shift-Dir - straight line, f/p - orc priest
Aim: an orc priest, wielding a +0 mace and wearing a +0 ring mail (heavily wounded, 68% to hit)
You shoot an arrow. The arrow hits the orc priest.
The orc priest is almost dead.
The orc priest calls down the wrath of Beogh upon you.
Beogh smites you!
Ouch! That really hurt!
You die...

#.>.....#
#...##..#
#..###.##
#.<# #.#
#..# ###
#.## #..#
#..#
##@.#
###o.##
##.>.##
#...##
### #..##
###.#
#.##
#..#.
##[# .
###.#
#..## .#
#.#.
#...##
..# ##.##


You could see an orc priest.

Vanquished Creatures
  A scorpion (D:4)
  2 iguanas (D:3)
  An orc wizard (D:4)
  2 adders
  An ufetubus (D:4)
  A worm (D:2)
  2 dart slugs
  4 orcs
  7 ball pythons
  5 bats
  An endoplasm (D:3)
  4 giant cockroaches
  2 goblins
  4 hobgoblins
  3 jackals (D:1)
  4 quokkas
  2 frilled lizards (D:2)
  6 kobolds
  3 rats
55 creatures vanquished.

Notes
Turn   | Place    | Note
-------+----------+-------------------------------------------
     0 | D:1      | LustLizard the Spriggan Hunter began the quest for the Orb.
     0 | D:1      | Reached XP level 1. HP: 10/10 MP: 2/2
   104 | D:1      | Found a faded altar of an unknown god.
   429 | D:1      | Reached XP level 2. HP: 15/15 MP: 3/3
  1214 | D:2      | Reached XP level 3. HP: 15/18 MP: 4/4
  1761 | D:3      | Found a radiant altar of Vehumet.
  1848 | D:3      | Found a stormy altar of Qazlal.
  1848 | D:3      | Found a shimmering blue altar of Sif Muna.
  2331 | D:3      | Reached XP level 4. HP: 23/23 MP: 5/5
  2424 | D:3      | Reached skill level 5 in Ranged Weapons
  2930 | D:4      | Noticed a scorpion
  2977 | D:4      | Killed a scorpion
  2978 | D:4      | Reached XP level 5. HP: 27/27 MP: 6/6
  3724 | D:4      | Killed from afar by an orc priest

Illustrated notes

Levels and vault maps discovered:
D:1:      giann_bridges, layout_rooms, serial_forest,
          infiniplex_forest_lined_ring, infiniplex_forest_join,
          infiniplex_forest_clump_tiny, infiniplex_forest_end_1,
          shapermc_ecumenical_altar_starsandcircs, hangedman_decor_peaks_small
D:2:      layout_rooms
D:3:      layout_loops_corners, lemuel_crystal_altar,
          gammafunk_temple_overflow_elements
D:4:      layout_layer_cave, nicolae_overflow_crystal_walls, minmay_bent

Skill      XL: |  1  2  3  4 |
---------------+-------------+-----
Stealth        | 2 3 4 |  4.6
Fighting       | 2 |  2.7
Ranged Weapons | 5 |  5.7
Dodging        | |  2.6

Action                   |  1- 3 |  4- 6 || total
-------------------------+-------+-------++-------
 Fire: Shortbow          |   121 |    74 ||   195
  Use: Scroll            |     1 |       ||     1
Armor: Robe              |     3 |     3 ||     6
Dodge: Dodged            |    48 |    44 ||    92
